 Dungeon Crawl Stone Soup version 0.29-a0-356-g7bc237e783 (webtiles) character file.

Game seed: 10079392994876440701

357 Zeldest the Insei (level 6, -1/42 HPs)
             Began as an Octopode Transmuter on Apr 25, 2022.
             Was a Believer of Cheibriados.
             Slain by an ogre
             ... wielding a +0 giant club
              (27 damage)
             ... on level 4 of the Dungeon.
             The game lasted 00:08:01 (4691 turns).

Zeldest the Insei (Octopode Transmuter)             Turns: 4691, Time: 00:08:01

Health: -1/42      AC:  1    Str: 12 (13) XL:     6   Next: 64%
Magic:  7/9        EV: 14    Int: 17 (19) God:    Cheibriados [**....]
Gold:   145        SH:  0    Dex: 17 (19) Spells: 8/9 levels left

rFire   . . .      SeeInvis .     - Unarmed
rCold   . . .      Faith    .   (no shield)
rNeg    . . .      Spirit   .   (helmet currently unavailable)
rPois   .          Reflect  .   (no amulet)
rElec   .          Harm     .   (no ring)
rCorr   .          Rampage  .   (no ring)
Will    .....                   (no ring)
Stlth   +++.......              (no ring)
HPRegen 0.14/turn               (no ring)
MPRegen 0.11/turn               (no ring)
                                (no ring)
                                (no ring)

@: appendages (expiring), very slow
A: tentacle spike 3, almost no armour, amphibious, 8 rings, camouflage 1,
gelatinous body 1, (nimble swimmer 1), tentacles
a: End Transformation, Renounce Religion, Bend Time


You were on level 4 of the Dungeon.
You worshipped Cheibriados.
Cheibriados was pleased with you.
One of your tentacles had grown a beastly spike.
You visited 1 branch of the dungeon, and saw 4 of its levels.

You collected 145 gold pieces.

Inventory:

Hand Weapons
 i - a +0 dagger of electrocution
Jewellery
 m - a ring of flight
Wands
 o - a wand of flame (23)
Scrolls
 b - a scroll of amnesia {unknown}
 e - a scroll of fear {unknown}
 g - 2 scrolls of blinking {unknown}
 h - a scroll of enchant weapon {unknown}
 l - a scroll of vulnerability {unknown}
 n - 2 scrolls of identify {unknown}
 q - 2 scrolls of teleportation {unknown}
Potions
 a - a potion of lignification
 c - a potion of heal wounds {unknown}
 d - 2 potions of haste {unknown}
 f - a potion of might
 j - a potion of magic


   Skills:
 + Level 3.0 Fighting
 + Level 3.5 Dodging
 + Level 4.2 Unarmed Combat
 - Level 2.0 Spellcasting
 + Level 3.5 Transmutations
 + Level 1.8 Ice Magic
 + Level 1.0 Invocations


You had 8 spell levels left.
You knew the following spells:

 Your Spells              Type           Power      Damage    Failure   Level
a - Beastly Appendage     Tmut           26%        N/A       4%          1

Your spell library contained the following spells:

 Spells                   Type           Power      Damage    Failure   Level
 Wereblood                Tmut           13%        N/A       7%          2
 Passwall                 Tmut/Erth      5%         N/A       14%         2
 Sandblast                Erth           2%         2d4       19%         1
 Summon Small Mammal      Summ           4%         N/A       19%         1
 Spider Form              Tmut/Pois      7%         N/A       28%         3
 Call Canine Familiar     Summ           1%         N/A       50%         3
 Stone Arrow              Conj/Erth      2%         3d7       50%         3
 Summon Guardian Golem    Hex/Summ       1%         N/A       50%         3
 Ice Form                 Ice/Tmut       10%        N/A       54%         4


Dungeon Overview and Level Annotations

Branches:
Dungeon (4/15)
 Temple: D:4-7

Altars:
Cheibriados
Gozag
Kikubaaqudgha

Annotations:
D:1 exclusion: gnoll


Innate Abilities, Weirdness & Mutations

One of your tentacles has grown a beastly spike.
You cannot wear most types of armour.
You are amphibious.
You can wear up to eight rings at the same time.
Your skin changes colour to match your surroundings (Stealth+).
Your rubbery body absorbs attacks. (AC +1, EV +1)
((You are camouflaged when in or above water. (Stealth+)))
You have tentacles for arms and can constrict up to eight enemies at once.


Message History

You now have 127 gold pieces (gained 15).
You now have 145 gold pieces (gained 18).
Items here: )))) [[[.
Items here: ))) [[.
There is an open door here.
An ogre comes into view. It is wielding a +0 giant club.
Casting: Beastly Appendage (safe; 4% risk of failure)
Confirm with . or Enter, or press ? or * to list all spells.
You miscast Beastly Appendage.
You are very lightly contaminated with residual magic.
Nothing appears to happen.
Casting: Beastly Appendage (safe; 4% risk of failure)
Confirm with . or Enter, or press ? or * to list all spells.
One of your tentacles grows a vicious spike.
Found a pair of boots.
The ogre shouts!
An endoplasm comes into view.
The endoplasm quivers.
You tentacle-slap the ogre but do no damage.
Your tentacle spike misses the ogre.
Your squeeze misses the ogre. The ogre misses you.
You barely miss the ogre. You squeeze the ogre.
The ogre is lightly wounded.
You bludgeon the ogre! Your squeeze misses the ogre.
The ogre is heavily wounded.
Your transformation is almost over.
The ogre closely misses you.
A wight comes into view. It is wielding a +0 dire flail.
You tentacle-slap the ogre but do no damage.
Your tentacle spike misses the ogre.
You squeeze the ogre!
The ogre is severely wounded.
Your magical contamination has completely faded away.
You tentacle-slap the ogre.
Your tentacle spike misses the ogre.
The ogre is almost dead.
The ogre hits you with a +0 giant club!
You tentacle-slap the ogre.
The ogre is almost dead.
The ogre hits you with a +0 giant club!!
Ouch! That really hurt!
You die...

......#####..###
#...####..## .#
#.....#....#:..
.
#...............
.#
#.....###.....##
.# +.....#
..##### .# #
####..# ... .#
#..[####..##...#
.#
..z..JO@.......#
.......$.......#
.#.............#
.......#..###..#
.#..##.#### ###
...# ..#. #.
...# .. . . ..
... ... . #.
..##...# ..


You could see an ogre, a wight and an endoplasm.

Vanquished Creatures
  2 vampire bats (D:3)
  3 iguanas (D:4)
  An orc wizard (D:3)
  Robin (D:3)
  4 adders
  3 dart slugs
  13 orcs
  2 bats (D:2)
  5 bat skeletons (D:3)
  A bat zombie (D:3)
  4 endoplasms
  2 giant cockroaches
  21 goblins
  11 hobgoblins
  6 jackals
  4 quokkas
  8 ball pythons
  2 frilled lizards (D:1)
  2 kobolds
95 creatures vanquished.

Notes
Turn   | Place    | Note
-------+----------+-------------------------------------------
     0 | D:1      | Zeldest the Octopode Transmuter began the quest for the
                  | Orb.
     0 | D:1      | Reached XP level 1. HP: 13/13 MP: 3/3
   227 | D:1      | Reached XP level 2. HP: 18/18 MP: 1/5
   868 | D:1      | Reached XP level 3. HP: 23/23 MP: 6/6
  1571 | D:2      | Found a faded altar of an unknown god.
  1864 | D:2      | Found an opulent altar of Gozag.
  2047 | D:2      | Reached XP level 4. HP: 26/29 MP: 7/7
  2475 | D:3      | Noticed an orc warrior
  2765 | D:3      | Found an ancient bone altar of Kikubaaqudgha.
  2780 | D:3      | Reached XP level 5. HP: 28/35 MP: 8/8
  2854 | D:3      | Reached skill level 1 in Ice Magic
  3147 | D:3      | Noticed Robin
  3534 | D:3      | Reached skill level 4 in Unarmed Combat
  3579 | D:3      | Killed Robin
  3580 | D:3      | Reached XP level 6. HP: 38/41 MP: 7/9
  3768 | D:2      | Prayed at the altar of an unknown god.
  3768 | D:2      | Became a worshipper of Cheibriados the Contemplative
  3768 | D:2      | Reached * piety under Cheibriados
  4022 | D:4      | Reached skill level 1 in Invocations
  4119 | D:4      | HP: 2/42 [poisoned by an orc]
  4207 | D:4      | HP: 2/42 [orc/+0 flail (6)]
  4214 | D:4      | Reached ** piety under Cheibriados
  4691 | D:4      | Slain by an ogre

Illustrated notes

Levels and vault maps discovered:
D:1:      roderic_octagonal_star, layout_basic
D:2:      layout_basic, basic_altar, ebering_ecumenical_altar_sacrificial,
          minivault_25
D:3:      kennysheep_goblin_castle, layout_loops_ring, kennysheep_vampire_church
D:4:      layout_gridville, minmay_misc_feat_plants,
          hangedman_abyss_or_decor_lesser_grid, minmay_misc_feat_nine_boxes

Skill      XL: |  1  2  3  4  5  6 |
---------------+-------------------+-----
Fighting       | 2 3 |  3.0
Dodging        | 3 |  3.5
Transmutations | 3 |  3.5
Ice Magic      | 1 |  1.8
Unarmed Combat | 4 |  4.2
Invocations    | 1 |  1.0
Spellcasting   | |  2.0

Action                   |  1- 3 |  4- 6 || total
-------------------------+-------+-------++-------
Melee: Unarmed           |    80 |   133 ||   213
       Constrict         |    18 |    38 ||    56
       Tentacles         |    16 |    26 ||    42
       Kick              |    12 |    43 ||    55
       Punch             |     3 |     4 ||     7
 Cast: Beastly Appendage |    12 |    29 ||    41
  Use: Potion            |       |     4 ||     4
 Stab: Sleeping          |    11 |     6 ||    17
Armor: Skin              |     8 |    17 ||    25
Dodge: Dodged            |    48 |   104 ||   152

Table legend: (Time is in decaauts)
 A = Elapsed time spent in this place.
 B = Non-inter-level travel time spent in this place.
 C = Inter-level travel time spent in this place.
 D = Time resting spent in this place.
 E = Time spent auto-exploring this place.
 F = Levels seen in this place.
 G = Mean time per level.
                   A        B        C        D        E       F      G
               +--------+--------+--------+--------+--------+-----+--------+
         Total |   4825 |   4687 |    138 |   2085 |   1514 |   4 | 1206.2 |
       Dungeon |   4825 |   4687 |    138 |   2085 |   1514 |   4 | 1206.2 |
               +--------+--------+--------+--------+--------+-----+--------+

Top non-repeatable levels by time:
     D:1: 1538 daAuts
     D:3: 1196 daAuts
     D:2: 1098 daAuts
     D:4: 990 daAuts
